 Dungeon Crawl Stone Soup version 0.19.5 (webtiles) character file.

2897 Ponchio the Destroyer (level 9, -8/49 HPs)
             Began as a Deep Elf Conjurer on Sept 8, 2017.
             Was a Believer of Vehumet.
             Shot with an arrow by a centaur (16 damage)
             ... on level 7 of the Dungeon.
             The game lasted 01:02:06 (9866 turns).

Ponchio the Destroyer (Deep Elf Conjurer)           Turns: 9866, Time: 01:02:09

Health: -8/49      AC:  4    Str: 11    XL:     9   Next: 49%
Magic:  2/24       EV: 13    Int: 30    God:    Vehumet [**....]
Gold:   186        SH:  0    Dex: 17    Spells: 4 memorised, 16 levels left

rFire  . . .     SeeInvis .     f - +7 rapier of Integrity {freeze, Int+6}
rCold  . . .     Gourm    .     h - +1 robe
rNeg   . . .     Faith    .     (no shield)
rPois  .         Spirit   .     (no helmet)
rElec  +         Reflect  .     w - -1 cloak (curse)
rCorr  .         Harm     .     t - +0 pair of gloves of Undesirable Species {rElec} (curse)
MR     .....                    (no boots)
Stlth  +++.......               (no amulet)
                                (no ring)
                                d - +6 ring of strength

@: very slightly contaminated
A: thin skeletal structure 1, robust 1
a: Renounce Religion


You were on level 7 of the Dungeon.
You worshipped Vehumet.
Vehumet was pleased with you.
You were not hungry.

You visited 1 branch of the dungeon, and saw 7 of its levels.

You collected 186 gold pieces.

Inventory:

Hand Weapons
 f - the +7 rapier of Integrity (weapon) {freeze, Int+6}
   (You found it on level 5 of the Dungeon)

   It has been specially enchanted to freeze those struck by it, causing extra
   injury to most foes and up to half again as much damage against particularly
   susceptible opponents.
   It can also slow down cold-blooded creatures.
   It affects your intelligence (+6).
 k - a +0 dagger
Armour
 h - a +1 robe (worn)
 t - the cursed +0 pair of gloves of Undesirable Species (worn) {rElec}
   (You found it on level 5 of the Dungeon)

   It insulates you from electricity.
   It has a curse placed upon it.
 w - a cursed -1 cloak (worn)
Jewellery
 a - a +3 ring of intelligence {unknown}
 d - a +6 ring of strength (left hand)
 m - an uncursed ring of loudness
Wands
 x - a wand of iceblast (4/15)
Scrolls
 e - 2 scrolls of magic mapping
 n - a scroll of identify
 q - 3 scrolls of remove curse
 s - a scroll of enchant armour
 u - a scroll of recharging
 y - a scroll of enchant weapon {unknown}
Potions
 i - a potion of resistance
 j - 2 potions of invisibility
 p - a potion of brilliance
Books
 b - a book of Conjurations

   Spells                             Type                      Level
   a - Magic Dart                     Conjuration                  1
   b - Searing Ray                    Conjuration                  2
   c - Dazzling Spray                 Conjuration/Hexes            3
   d - Fulminant Prism                Conjuration/Hexes            4
   e - Iskenderun's Mystic Blast      Conjuration                  4
   f - Iskenderun's Battlesphere      Conjuration/Charms           5
 o - a book of Minor Magic

   Spells                             Type                      Level
   a - Magic Dart                     Conjuration                  1
   b - Blink                          Translocation                2
   c - Call Imp                       Summoning                    2
   d - Repel Missiles                 Charms/Air                   2
   e - Slow                           Hexes                        2
   f - Conjure Flame                  Conjuration/Fire             3
   g - Mephitic Cloud                 Conjuration/Poison/Air       3
 v - a Young Poisoner's Handbook

   Spells                             Type                      Level
   a - Sting                          Conjuration/Poison           1
   b - Mephitic Cloud                 Conjuration/Poison/Air       3
   c - Olgreb's Toxic Radiance        Poison                       4
   d - Alistair's Intoxication        Transmutation/Poison         5
   e - Venom Bolt                     Conjuration/Poison           5
Comestibles
 c - 3 bread rations
 l - 5 meat rations
 z - 2 chunks of flesh
 A - 3 fruits


   Skills:
 - Level 2.4 Dodging
 - Level 2.4 Stealth
 + Level 9.8 Spellcasting
 + Level 10.2 Conjurations
 - Level 10.0 Charms
 + Level 0.7 Poison Magic


You had 16 spell levels left.
You knew the following spells:

 Your Spells              Type           Power        Failure   Level  Hunger
a - Magic Dart            Conj           ####         1%          1    None
b - Iskenderun's Battles  Conj/Chrm      ######..     1%          5    ###....
c - Repel Missiles        Chrm/Air       #####.       1%          2    None
d - Mephitic Cloud        Conj/Pois/Air  #####...     2%          3    None


Dungeon Overview and Level Annotations

Branches:
Dungeon (7/15)
 Temple: D:4-7

Altars:
Ashenzari
Dithmenos
Elyvilon
Gozag
Hepliaklqana
Qazlal
Ru
Trog
Vehumet
Xom
Zin


Innate Abilities, Weirdness & Mutations

You have a somewhat thin skeletal structure. (Dex +2, Stealth)
You are robust. (+10% HP)


Message History

The barrage of energy hits the centaur.
The centaur is heavily wounded.
The centaur shoots an arrow.
The arrow hits you!
* * * LOW HITPOINT WARNING * * *
Blink to where?
Press: ? - help, Dir - move target cursor, p - centaur You are very lightly contaminated with residual magic.
As you read the scroll of blinking, it crumbles to dust.
Casting: Magic Dart
Confirm with . or Enter, or press ? or * to list all spells.
Aiming: Magic Dart
Press: ? - help, Shift-Dir - straight line, f - centaur
Aim: a centaur, wielding a shortbow (heavily wounded)
The magic dart hits the centaur.
The centaur is severely wounded.
Your battlesphere fires!
The barrage of energy hits the centaur.
The centaur is almost dead.
The centaur shoots an arrow.
The arrow hits you!
You die...

############## #.....#....... #.
##### #.....#....... #.#
#...###.............
..###.........@.#.......
#.#....#######..........
###.#.##....#.............
............#........####
......#..#########..*############
......##......#.........(........
#.....##......#........ยง.........
####.......#########.c###..##....
#####.##........#......###z().##.


You could see a centaur and a friendly battlesphere.

Vanquished Creatures
  The ghost of Bingowings the Slasher, a novice MiBe of Trog (D:5)
  A hungry ghost (D:7)
  An ice beast (D:6)
  An orc warrior (D:6)
  A phantom (D:4)
  A sky beast (D:5)
  A black bear (D:7)
  The ghost of arnash1 the Chopper, an amateur MiBe of Trog (D:3)
  2 ogres (D:6)
  2 centaurs
  4 bullfrogs
  A scorpion (D:6)
  A wight (D:7)
  3 howler monkeys
  4 crimson imps
  A jelly (D:5)
  4 hounds
  5 orc priests
  Crazy Yiuf (D:4)
  A bullfrog skeleton (D:6)
  2 iguanas
  6 worker ants
  7 orc wizards
  A hound zombie (D:6)
  8 adders
  A howler monkey skeleton (D:4)
  A shadow imp (D:6)
  An ooze (D:2)
  An adder skeleton (D:5)
  A worm (D:4)
  2 dart slugs
  5 leopard geckos
  23 orcs
  6 bats
  4 giant cockroaches
  11 goblins
  3 hobgoblins
  4 jackals (D:2)
  3 quokkas
  2 ball pythons (D:2)
  10 frilled lizards
  6 kobolds
  2 leopard gecko skeletons
  20 rats
167 creatures vanquished.

Notes
Turn   | Place    | Note
-------+----------+-------------------------------------------
     0 | D:1      | Ponchio the Deep Elf Conjurer began the quest for the Orb.
     0 | D:1      | Reached XP level 1. HP: 10/10 MP: 6/6
    99 | D:1      | Reached XP level 2. HP: 15/15 MP: 3/8
  1303 | D:1      | Reached XP level 3. HP: 19/19 MP: 8/11
  1703 | D:2      | Found a sacrificial altar of Ru.
  1704 | D:2      | Found a hazy altar of Hepliaklqana.
  1704 | D:2      | Found a bloodstained altar of Trog.
  1705 | D:2      | Reached skill level 5 in Spellcasting
  2054 | D:2      | Found a stormy altar of Qazlal.
  2321 | D:2      | Found a white marble altar of Elyvilon.
  2831 | D:2      | Found a sacrificial altar of Ru.
  2832 | D:2      | Found a hazy altar of Hepliaklqana.
  2832 | D:2      | Found a bloodstained altar of Trog.
  3121 | D:2      | Found a stormy altar of Qazlal.
  3424 | D:2      | Found a white marble altar of Elyvilon.
  3787 | D:3      | Noticed arnash1's ghost (amateur MiBe)
  3808 | D:2      | Reached XP level 4. HP: 13/24 MP: 4/13
  4019 | D:3      | Found a radiant altar of Vehumet.
  4061 | D:3      | Became a worshipper of Vehumet
  4078 | D:3      | Found a faded altar of an unknown god.
  4078 | D:3      | Found a faded altar of an unknown god.
  4086 | D:3      | Found a faded altar of an unknown god.
  4089 | D:3      | Found a faded altar of an unknown god.
  4091 | D:3      | Found an opulent altar of Gozag.
  4169 | D:3      | Killed arnash1's ghost
  4169 | D:3      | Reached XP level 5. HP: 13/28 MP: 2/16
  4304 | D:3      | Learned a level 5 spell: Iskenderun's Battlesphere
  4800 | D:3      | Found a radiant altar of Vehumet.
  4821 | D:3      | Found a faded altar of an unknown god.
  4821 | D:3      | Found a faded altar of an unknown god.
  4826 | D:3      | Found a faded altar of an unknown god.
  4828 | D:3      | Found an opulent altar of Gozag.
  4830 | D:3      | Found a faded altar of an unknown god.
  5072 | D:3      | Reached XP level 6. HP: 32/32 MP: 14/18
  5429 | D:4      | Reached skill level 5 in Charms
  5658 | D:4      | Found a runed door.
  5697 | D:4      | Reached * piety under Vehumet
  5697 | D:4      | Offered knowledge of Flame Tongue by Vehumet.
  5997 | D:4      | Learned a level 2 spell: Repel Missiles
  6414 | D:4      | Noticed Crazy Yiuf
  6426 | D:4      | Killed Crazy Yiuf
  6575 | D:5      | Entered Level 5 of the Dungeon
  6584 | D:5      | Gained mutation: Your flesh is cold resistant. (rC+) [potion of beneficial mutation]
  6624 | D:5      | Noticed Bingowings's ghost (novice MiBe)
  6765 | D:5      | Reached XP level 7. HP: 36/36 MP: 7/19
  6907 | D:5      | Reached skill level 5 in Conjurations
  6999 | D:5      | Got a faintly glowing rapier
  7000 | D:5      | Identified the +7 rapier of Integrity {freeze, Int+6} (You found it on level 5 of the Dungeon)
  7339 | D:5      | Gained mutation: You are dopey. (Int -2) [mutagenic meat]
  7339 | D:5      | Lost mutation: You are dopey. (Int -2) [potion of cure mutation]
  7339 | D:5      | Lost mutation: Your flesh is cold resistant. (rC+) [potion of cure mutation]
  7341 | D:5      | Gained mutation: You are robust. (+10% HP) [mutagenic meat]
  7342 | D:5      | Gained mutation: You have a somewhat thin skeletal structure. (Dex +2, Stealth) [mutagenic meat]
  7345 | D:5      | Got a pair of crude gloves
  7361 | D:5      | Identified the cursed +0 pair of gloves of Undesirable Species {rElec} (You found it on level 5 of the Dungeon)
  7484 | D:5      | Learned a level 3 spell: Mephitic Cloud
  7548 | D:5      | Found a shattered altar of Ashenzari.
  7846 | D:4      | Reached XP level 8. HP: 45/45 MP: 10/21
  8099 | D:5      | Killed Bingowings's ghost
  8318 | D:5      | Found a shadowy altar of Dithmenos.
  8392 | D:5      | Found a shadowy altar of Dithmenos.
  8662 | D:5      | Found a shattered altar of Ashenzari.
  9016 | D:6      | Noticed an angel
  9030 | D:6      | Found a glowing silver altar of Zin.
  9033 | D:6      | Found a shimmering altar of Xom.
  9218 | D:6      | Offered knowledge of Freeze by Vehumet.
  9218 | D:6      | Reached XP level 9. HP: 31/49 MP: 13/24
  9392 | D:6      | Reached ** piety under Vehumet
  9769 | D:7      | Reached skill level 10 in Conjurations
  9777 | D:7      | Found a shadowy altar of Dithmenos.
  9840 | D:7      | Reached skill level 10 in Charms
  9866 | D:7      | Shot with an arrow by a centaur

Skill      XL: |  1  2  3  4  5  6  7  8  9 |
---------------+----------------------------+-----
Spellcasting   | 4 5 7 9 |  9.8
Charms         | 4 7 9 10 | 10.0
Conjurations   | 7 9 10 | 10.2
Dodging        | |  2.4
Stealth        | |  2.4
Poison Magic   | |  0.7

Action                   |  1- 3 |  4- 6 |  7- 9 || total
-------------------------+-------+-------+-------++-------
Melee: Dagger            |       |     5 |       ||     5
       Rapier            |       |       |     4 ||     4
 Cast: Magic Dart        |   105 |   160 |   168 ||   433
       Iskenderun's Batt |       |     3 |    26 ||    29
       Repel Missiles    |       |     1 |     1 ||     2
       Mephitic Cloud    |       |       |     2 ||     2
  Use: Scroll            |     3 |     8 |     5 ||    16
       Potion            |       |     1 |     1 ||     2
  Eat: Chunk             |     4 |     8 |    17 ||    29
       Bread ration      |     1 |       |       ||     1
       Beef jerky        |     1 |       |       ||     1
       Royal jelly       |       |       |     1 ||     1
Armor: Robe              |     2 |     4 |     5 ||    11
Dodge: Dodged            |    11 |    35 |    17 ||    63
       Deflected         |       |       |     3 ||     3
